 Dungeon Crawl Stone Soup version 0.30-a0-12-gd8047c6341 (webtiles) character file.

Game seed: 11746791326835711331

13328 Pilot the Fighter (level 11, -10/101 HPs)
             Began as a Minotaur Monk on Aug 22, 2022.
             Was an Initiate of Gozag.
             Killed by the raging water
             ... invoked by a water nymph
              (21 damage)
             ... on level 1 of the Shoals on Aug 24, 2022.
             The game lasted 02:14:12 (10516 turns).

Pilot the Fighter (Minotaur Monk)                  Turns: 10516, Time: 02:14:15

Health: -10/101    AC: 17    Str: 17    XL:     11   Next: 74%
Magic:  14/14      EV: 13    Int: 10    God:    Gozag
Gold:   1642       SH:  5    Dex: 22    Spells: 16/16 levels left

rFire   . . .      SeeInvis .    u - +4 dagger of the Spheres {venom, Will++}
rCold   . . .      Faith    .    (no shield)
rNeg    . . .      Spirit   .    t - +0 chain mail
rPois   .          Reflect  +    I - +2 hat {Int+3}
rElec   .          Harm     .    (no cloak)
rCorr   +          Rampage  .    e - +2 pair of gloves
Will    ++...                    h - +0 pair of boots
Stlth   ..........               L - amulet of reflection
HPRegen 0.26/turn                y - ring of resist corrosion
MPRegen 0.14/turn                K - +6 ring of dexterity

@: very slow
A: horns 2, retaliatory headbutt
a: Renounce Religion, Potion Petition, Call Merchant, Bribe Branch


You were on level 1 of the Shoals.
You worshipped Gozag.
Gozag was most pleased with you.
You visited 4 branches of the dungeon, and saw 15 of its levels.

You collected 1777 gold pieces.
You spent 135 gold pieces at shops.

Inventory:

Hand Weapons
 b - a +4 dagger
 u - the +4 dagger of the Spheres (weapon) {venom, Will++}
   (You found it on level 3 of the Dungeon)

   It poisons the flesh of those it strikes.
   Will:      It greatly increases your willpower.
 x - a +0 flail of protection
 C - a +0 vampiric dagger
 Q - a +4 sling of flaming
 U - a +2 whip of electrocution
 X - a +2 scimitar of freezing
 Z - a +2 scimitar of flaming
Missiles
 k - 55 stones
 l - 17 poisoned darts (quivered)
Armour
 e - a +2 pair of gloves (worn)
 h - a +0 pair of boots (worn)
 t - a +0 chain mail (worn)
 I - a +2 hat of intelligence (worn)
Magical Staves
 E - a staff of air
Jewellery
 a - a ring of protection from fire
 q - an amulet of guardian spirit
 y - a ring of resist corrosion (left hand)
 K - a +6 ring of dexterity (right hand)
 L - an amulet of reflection (around neck)
 S - an amulet of the acrobat
Wands
 r - a wand of flame (12)
 H - a wand of digging (7)
 N - a wand of mindburst (12)
 P - a wand of paralysis (13)
 R - a wand of polymorph (3)
Scrolls
 f - 2 scrolls of magic mapping
 g - 3 scrolls of amnesia
 o - 2 scrolls of poison {unknown}
 s - 4 scrolls of teleportation
 v - a scroll of silence {unknown}
 z - 5 scrolls of identify
 A - a scroll of acquirement {unknown}
 D - 2 scrolls of immolation {unknown}
 M - a scroll of enchant weapon {unknown}
 O - 2 scrolls of fear
 T - 2 scrolls of noise {unknown}
 V - 2 scrolls of enchant armour {unknown}
 W - 2 scrolls of blinking {unknown}
Potions
 c - a potion of ambrosia
 d - 2 potions of berserk rage {unknown}
 j - 5 potions of curing
 m - 2 potions of lignification {unknown}
 n - 2 potions of haste {unknown}
 p - a potion of resistance {unknown}
 w - 6 potions of flight
 B - a potion of attraction {unknown}
 F - 3 potions of mutation {unknown}
 G - 2 potions of might
 J - 2 potions of brilliance {unknown}
 Y - a potion of degeneration {unknown}


   Skills:
 + Level 10.6 Fighting
 + Level 8.5(9.0) Short Blades
 + Level 4.5(7.5) Long Blades
 - Level 3.6 Maces & Flails
 + Level 4.1 Ranged Weapons
 + Level 7.9 Throwing
 - Level 8.0 Armour
 + Level 9.7 Dodging
 - Level 1.5 Stealth
 + Level 3.3 Spellcasting


You had 16 spell levels left.
You didn't know any spells.
Your spell library contained the following spells:

 Spells                   Type           Power      Damage    Failure   Level
 Foxfire                  Conj/Fire      4%         2x1d4     97%         1
 Freeze                   Ice            4%         1d3       97%         1
 Magic Dart               Conj           4%         1d3       97%         1
 Shock                    Conj/Air       4%         1d3       97%         1
 Slow                     Hex            4%         N/A       97%         1
 Searing Ray              Conj           2%         2d4       99%         2
 Confusing Touch          Hex            1%         N/A       100%        3
 Conjure Flame            Conj/Fire      1%         6-21      100%        3
 Frozen Ramparts          Ice            2%         1d1       100%        3
 Inner Flame              Hex/Fire       1%         N/A       100%        3
 Swiftness                Air            1%         N/A       100%        3
 Vampiric Draining        Necr           1%         2d6       100%        3
 Airstrike                Air            0%         2d(1-17)  100%        4
 Flame Wave               Conj/Fire      1%         2d4       100%        4
 Fulminant Prism          Conj/Hex       0%         3d6       100%        4
 Hailstorm                Conj/Ice       1%         3d3       100%        4


Dungeon Overview and Level Annotations

Branches:
Dungeon (10/15)            Temple (1/1) D:5            Lair (3/5) D:10
 Shoals (1/4) Lair:2        Snake (0/4) Lair:3
    Orc: D:9-12

Altars:
Ashenzari
Cheibriados
Elyvilon
Fedhas
Gozag
Hepliaklqana
Kikubaaqudgha
Makhleb
Okawaru
Qazlal
Ru
Sif Muna
Uskayaw
Vehumet
Wu Jian
Xom
Yredelemnul
Zin
The Shining One

Shops:
D:6 [   D:9 *

Annotations:
D:2 1 runed translucent door, Crazy Yiuf


Innate Abilities, Weirdness & Mutations

You have a pair of horns on your head.
You reflexively headbutt those who attack you in melee.


Message History

You enter the shallow water.
Moving in this stuff is going to be slow.
A water nymph comes into view.
The water nymph gestures at you while chanting.
The water swirls and strikes you!
You see here a poisoned dart.
The water nymph flows with the water.
The water nymph's watery aura covers the staircase back to the Lair.
Splash!
You fall into the shallow water.
Moving in this stuff is going to be slow.
You hit the water nymph but do no damage.
The water nymph is poisoned.
You headbutt the water nymph!
The water nymph is lightly wounded.
The water nymph touches you. The water nymph drowns you!
Your unstable footing causes you to fumble your attack.
Your unstable footing causes you to fumble your attack.
The water nymph touches you. The water nymph drowns you!
* * * LOW HITPOINT WARNING * * *
You miss the water nymph.
The water nymph is lightly wounded.
You puncture the water nymph!
The water nymph looks as sick as possible!
You headbutt the water nymph, but do no damage.
The water nymph is moderately wounded.
The water nymph touches you. The water nymph drowns you!
* * * LOW HITPOINT WARNING * * *
You feel better. The water nymph touches you. The water nymph drowns you!
* * * LOW HITPOINT WARNING * * *
Throw: 17 darts (poison)
Press: ? - help, Q - select action, (/) - cycle Shift-Dir - straight line, f - water nymph
Aim: a water nymph (moderately wounded, extremely poisoned, 63% to hit)
Okay, then.
Splash!
You fall into the shallow water.
Moving in this stuff is going to be slow.
The water nymph casts a spell at you. The water swirls and strikes you!!
You die...
Your body crumbles into a pile of gold.

............~~~~~..#
...........~~~~...#
..........(~(.....# .
~...........~~.....###..
~~.~~........####.......
~~~~~~~~~...####........
≈≈~~~~~~~~....##.......~
~~~~~~.##).)...........~
~.~~~~##~.@.....~~....~~
~~~~~~.~~m.~....~~~~~~~~
~~~~~..~~~.~.~..~~~~~~~≈
~~~~~.~~~~~~~~~~~~~≈≈≈≈≈
~~~~~~~~~~~~~~~~~~≈≈≈≈≈≈
~~~~~~~~~~~.~~~~~≈≈≈≈≈≈≈
~~~≈≈≈≈≈~~~~~~~≈≈≈≈≈≈≈≈≈
≈≈≈≈≈≈≈≈~~~~~~≈≈≈≈≈≈≈≈≈≈
≈≈≈≈≈≈≈≈≈≈~~≈≈≈≈≈≈≈≈≈≈≈


You could see a water nymph (extremely poisoned).

Vanquished Creatures
  Gastronok (D:8)
  Erica (D:8)
  4 elephants (Lair:2)
  Joseph (D:7)
  3 cane toads
  A water nymph (Shoals:1)
  An unseen horror (D:10)
  2 komodo dragons
  2 merfolk (Shoals:1)
  3 trolls
  2 hornets
  Prince Ribbit (D:8)
  2 polar bears
  2 wraiths
  A wyvern (Lair:2)
  8 yaks
  A steam dragon (D:7)
  Menkaure (D:7)
  2 nagas (Lair:3)
  Duvessa (D:5)
  An acid dragon (D:7)
  4 water moccasins
  A black bear (D:4)
  2 orc warriors (D:9)
  A sky beast (D:8)
  2 ogres (D:5)
  4 centaurs
  A phantom (D:5)
  3 kobold brigands (D:8)
  6 bullfrogs
  4 scorpions
  3 necrophages
  5 wights (D:8)
  Dowan (D:5)
  9 killer bees
  7 jellies
  3 orc priests
  4 iguanas
  5 orc wizards
  A howler monkey zombie (D:3)
  6 gnolls
  7 adders
  2 white imps
  2 ufetubi
  An adder zombie (D:3)
  A worm (D:3)
  5 dart slugs
  29 orcs
  4 ball pythons
  8 endoplasms
  6 giant cockroaches
  5 goblins
  5 hobgoblins
  7 jackals (D:1)
  4 quokkas
  6 bats
  2 frilled lizards
  13 kobolds
  9 rats
229 creatures vanquished.

Vanquished Creatures (others)
  A goblin (D:3)
  7 fungi
  38 plants
46 creatures vanquished.

Grand Total: 275 creatures vanquished

Notes
Turn   | Place    | Note
-------+----------+-------------------------------------------
     0 | D:1      | Pilot the Minotaur Monk began the quest for the Orb.
     0 | D:1      | Reached XP level 1. HP: 19/19 MP: 0/0
   124 | D:1      | Found a faded altar of an unknown god.
   157 | D:1      | Reached skill level 4 in Fighting
   157 | D:1      | Reached XP level 2. HP: 23/27 MP: 1/1
   746 | D:1      | Reached XP level 3. HP: 34/34 MP: 2/2
  1175 | D:2      | Reached XP level 4. HP: 41/41 MP: 3/3
  1240 | D:2      | Found a runed translucent door.
  1241 | D:2      | Noticed Crazy Yiuf
  1389 | D:3      | Identified the +4 dagger of the Spheres {venom, Will++}
  1519 | D:3      | Found a blossoming altar of Fedhas.
  1552 | D:3      | Reached skill level 5 in Fighting
  1552 | D:3      | Reached skill level 1 in Throwing
  1552 | D:3      | Reached skill level 1 in Armour
  1659 | D:3      | Reached skill level 1 in Short Blades
  1659 | D:3      | Reached XP level 5. HP: 10/48 MP: 1/4
  1756 | D:3      | Found a basalt altar of Yredelemnul.
  2230 | D:4      | Noticed a black bear
  2251 | D:4      | Killed a black bear
  2252 | D:4      | Reached skill level 5 in Dodging
  2252 | D:4      | Reached XP level 6. HP: 43/56 MP: 3/5
  2493 | D:4      | Found a radiant altar of Vehumet.
  2650 | D:5      | Entered Level 5 of the Dungeon
  2716 | D:5      | Reached XP level 7. HP: 52/62 MP: 6/6
  2735 | D:5      | Noticed Dowan
  2745 | D:5      | Noticed Duvessa
  2747 | D:5      | Killed Dowan
  2748 | D:5      | Reached skill level 6 in Fighting
  2780 | D:5      | Killed Duvessa
  3177 | D:5      | Reached XP level 8. HP: 33/71 MP: 2/7
  3268 | D:5      | Found a staircase to the Ecumenical Temple.
  3277 | Temple   | Entered the Ecumenical Temple
  3936 | Temple   | Became a worshipper of Gozag Ym Sagoz the Greedy
  4025 | D:6      | Reached skill level 7 in Fighting
  4044 | D:6      | Reached skill level 5 in Armour
  4442 | D:6      | Found Huufi's Antique Armour Shop.
  4531 | D:7      | Noticed a hornet
  4563 | D:7      | Killed a hornet
  4564 | D:7      | Reached skill level 5 in Short Blades
  4603 | D:7      | Noticed Menkaure
  4606 | D:7      | Reached XP level 9. HP: 55/79 MP: 8/8
  4611 | D:7      | Killed Menkaure
  4664 | D:7      | Found a burning altar of Makhleb.
  4679 | D:7      | Reached skill level 5 in Throwing
  4767 | D:7      | Reached skill level 8 in Fighting
  4862 | D:7      | Noticed Joseph
  4877 | D:7      | Killed Joseph
  4895 | D:7      | Upgraded the game from 0.30-a0-6-g7c9e10e132 to
                  | 0.30-a0-12-gd8047c6341
  5617 | D:8      | Noticed Prince Ribbit
  5639 | D:8      | Killed Prince Ribbit
  5663 | D:8      | Noticed Erica
  5677 | D:8      | Killed Erica
  5678 | D:8      | Reached XP level 10. HP: 71/90 MP: 8/10
  5858 | D:8      | Reached skill level 9 in Fighting
  5901 | D:8      | Reached skill level 1 in Spellcasting
  5922 | D:8      | Found a hide-covered altar of Uskayaw.
  6023 | D:8      | Noticed Gastronok
  6091 | D:8      | Killed Gastronok
  6795 | D:9      | Reached skill level 1 in Long Blades
  6801 | D:9      | Reached skill level 1 in Ranged Weapons
  7071 | D:9      | Found Jaickila's General Store.
  7077 | D:9      | Bought a scroll of identify for 30 gold pieces
  7077 | D:9      | Bought a potion of curing for 45 gold pieces
  7077 | D:9      | Bought a potion of might for 60 gold pieces
  7357 | D:10     | Entered Level 10 of the Dungeon
  7519 | D:10     | Reached XP level 11. HP: 39/99 MP: 13/13
  8069 | D:10     | Reached skill level 10 in Fighting
  8080 | D:10     | Found a staircase to the Lair.
  8328 | Lair:1   | Entered Level 1 of the Lair of Beasts
  8884 | Lair:2   | Found a staircase to the Shoals.
  9704 | Lair:3   | Found a staircase to the Snake Pit.
  9810 | Lair:3   | Noticed a six-headed hydra
 10116 | Shoals:1 | Entered Level 1 of the Shoals
 10516 | Shoals:1 | Killed from afar by a water nymph

Illustrated notes

Levels and vault maps discovered:
D:1:      dpeg_arrival_refuge, layout_loops_ring,
          shapermc_ecumenical_altar_totnotflames, minmay_surrounded
D:2:      layout_rooms, corexii_corridor_pit, uniq_crazy_yiuf_cottage
D:3:      layout_rooms, overflow_temple_1_default,
          lemuel_zombie_altar_yredelemnul
D:4:      layout_cave_pools, fiery_altar_vehumet, nicolae_underground_beach
D:5:      layout_loops_cross, temple_hall, uniq_duvessa
D:6:      layout_rooms, serial_shops, nicolae_shop_advertising_works
          [nicolae_subvault_shop_adworks], reono_crystal_passage
D:7:      layout_basic, amcnicky_altar_gilded, wad_floor_pattern_untrapped,
          minmay_increasing_density, uniq_joseph, uniq_menkaure
D:8:      layout_gridville, nicolae_uskayaw_dance_studio, grunt_ministairs_15,
          minivault_22, uniq_erica, uniq_prince_ribbit1, uniq_gastronok
D:9:      layout_cave_pools, serial_shops, shop
D:10:     layout_cave_pods, david_lair_shrubbed
Temple:   bh_familiar_temple
Lair:1:   layout_concentric_octagons, st_stairs_4, grunt_megastairs_5
Lair:2:   layout_loops_ring, elwin_shoals_entry_rocks,
          nicolae_quartered_pool_little
Lair:3:   layout_cave_shapes, guppyfry_snake_entry_garden, serial_bayou_pond_a,
          lemuel_centaur_altar, grunt_megastairs_3
Shoals:1: layout_shoals, serial_shops, nicolae_shop_hallway_plus,
          nicolae_shoals_undead_eyrie

Skill      XL: |  1  2  3  4  5  6  7  8  9 10 11 |
---------------+----------------------------------+-----
Fighting       | 4 5 6 7 8 9 10 | 10.6
Dodging        | 4 5 6 8 9 |  9.7
Throwing       | 1 2 3 4 6 7 |  7.9
Armour         | 1 2 3 4 5 7 8 |  8.0
Short Blades   | 1 2 3 5 6 7 8 |  8.5
Spellcasting   | 2 3 |  3.3
Long Blades    | 2 4 |  4.5
Ranged Weapons | 2 4 |  4.1
Maces & Flails | |  3.6
Stealth        | |  1.5

Action                   |  1- 3 |  4- 6 |  7- 9 | 10-12 || total
-------------------------+-------+-------+-------+-------++-------
Melee: Mace              |    88 |     5 |       |       ||    93
       Headbutt          |    11 |    36 |    53 |   113 ||   213
       Punch             |     1 |     3 |    10 |     5 ||    19
       Dagger            |       |   124 |   266 |   397 ||   787
 Fire: Sling             |       |       |       |     2 ||     2
Throw: Stone             |       |     1 |    22 |     2 ||    25
       Dart              |       |       |    10 |   132 ||   142
Evoke: Wand              |       |     1 |    12 |    31 ||    44
  Use: Scroll            |       |     1 |       |     5 ||     6
       Potion            |       |       |     5 |    10 ||    15
 Stab: Sleeping          |     2 |       |       |       ||     2
       Distracted        |       |       |     1 |     1 ||     2
Armor: Leather armour    |    23 |       |       |       ||    23
       Ring mail         |    13 |       |       |       ||    13
       Chain mail        |       |    96 |   148 |   160 ||   404
Dodge: Dodged            |    56 |    50 |   110 |   145 ||   361
Block: Other             |       |       |    19 |    81 ||   100
       Reflection        |       |       |     4 |     5 ||     9

Table legend: (Time is in decaauts)
 A = Elapsed time spent in this place.
 B = Non-inter-level travel time spent in this place.
 C = Inter-level travel time spent in this place.
 D = Time resting spent in this place.
 E = Time spent auto-exploring this place.
 F = Levels seen in this place.
 G = Mean time per level.
                   A        B        C        D        E       F      G
               +--------+--------+--------+--------+--------+-----+--------+
         Total |  10299 |   3854 |   6445 |      0 |      6 |  15 |  686.6 |
       Dungeon |   8020 |   2726 |   5294 |      0 |      6 |  10 |  802.0 |
        Temple |    171 |     32 |    139 |      0 |      0 |   1 |  171.0 |
          Lair |   2005 |   1029 |    976 |      0 |      0 |   3 |  668.3 |
        Shoals |    102 |     66 |     36 |      0 |      0 |   1 |  102.0 |
               +--------+--------+--------+--------+--------+-----+--------+

Top non-repeatable levels by time:
  Lair:2: 1183 daAuts
     D:8: 1164 daAuts
     D:5: 1053 daAuts
    D:10: 858 daAuts
     D:7: 831 daAuts
     D:9: 823 daAuts
     D:1: 800 daAuts
     D:4: 667 daAuts
     D:3: 665 daAuts
     D:2: 586 daAuts
     D:6: 570 daAuts
  Lair:1: 501 daAuts
  Lair:3: 319 daAuts
  Temple: 171 daAuts
Shoals:1: 102 daAuts
